cohdb
Replays
Latest Replays
All Replays
Popular Replays
Top Player Replays
Match Explorer
How It Works
Community
CoH3 Stats
Reddit
Sign in to upload your games and track your stats! →
Sign in with Steam
Match 38913050
Unlisted
Match 38913050
Overview
Messages
Build Orders
End
Kradschützen Motorcycle Team
Panzergrenadier Squad
Panzerpioneer Squad
250 Light Carrier
Construct Light Support Kompanie
Assault Grenadier Squad
Fire Support Elements
Flakvierling Half-track
2.5-tonne Medical Truck
Pak 38 Anti-tank Gun Team
Panzergrenadier Squad
Construct Panzerarmee Kommand
Selects Armored Support Battlegroup
Selects Superior Fire Drills
Selects Flammpanzer III Medium Tank
Selects Battlefield Salvage
Flammpanzer III Medium Tank
Panzer III L Medium Tank
Veteran Squad Leaders
Vehicle Survival Package
Panzer III L Medium Tank
PayPerPaper
AP
0
0
Comments
sign in to comment!
No comments posted yet!